[Event "Olympiad-39"]
[Site "Khanty-Mansiysk"]
[Date "2010.09.23"]
[Round "3.1"]
[White "Kamsky, Gata"]
[Black "Morovic Fernandez, Ivan"]
[Result "1-0"]
[ECO "C16"]
[WhiteElo "2705"]
[BlackElo "2580"]
[Annotator "CB"]
[PlyCount "71"]
[EventDate "2010.09.21"]
[EventType "team-swiss"]
[EventRounds "11"]
[EventCountry "RUS"]
[SourceTitle "CBM 139"]
[Source "ChessBase"]
[SourceDate "2010.11.18"]
[SourceVersion "1"]
[SourceVersionDate "2010.11.18"]
[SourceQuality "1"]
[WhiteTeam "US of America"]
[BlackTeam "Chile"]
[WhiteTeamCountry "USA"]
[BlackTeamCountry "CHI"]
[TimeControl "40/5400+30:1800+30"]

1. e4 e6 2. d4 d5 3. Nc3 Bb4 4. e5 Ne7 5. a3 Bxc3+ 6. bxc3 b6 {Black's main
alternative to the ...c5 lines, the idea being to solve the Bc8 quandry.} 7.
Qg4 Ng6 8. a4 {A rare continuation though. 8.h4 is the usual path.} Ba6 9. Bxa6
Nxa6 10. h4 h5 11. Qe2 Nb8 12. Bg5 Qd7 13. a5 Nc6 14. axb6 cxb6 15. Qf3 {
By playing the queen to f3 instead of Nf3, White keeps the h5 pawn under fire,
making kingside castling impossible.} Nge7 16. Ne2 O-O-O {Very risky and
putting the king under fire.} (16... Na5 {was certainly worth consideration,
though if it does not work out, then something earlier will need to be found.}
17. O-O Nf5 18. Nf4 g6 19. Bf6 Rf8 {This may not look great for black, but the
alternative is queenside castling which came under heavy attack in the game.})
17. Nf4 g6 18. O-O Kb7 19. Rfb1 Rb8 {#} 20. c4 $1 Nxd4 ({The alternative} 20...
dxc4 {was no better.} 21. Bxe7 Qxe7 22. Ne2 Rhc8 (22... Qd7 23. Nc3 Qxd4 $2 24.
Nb5 Qd7 25. Rxa7+) 23. Nc3 a6 24. d5 $1 Nxe5 25. Qe4 Qd6 26. Rxa6 $3 Kxa6 27.
Ra1+ Kb7 28. Ra7+ Kxa7 29. Nb5+ Ka6 30. Nxd6 $18) 21. Qa3 Nec6 22. c3 $1 Nf5
23. cxd5 exd5 24. Rb5 Ka8 25. Nxd5 Na5 26. Qb4 Qc6 {#} 27. Nxb6+ $3 {Kamsky
misses nothing in this game, and delivers surgically precise shots throughout.}
Rxb6 (27... axb6 28. Raxa5+ bxa5 29. Rxa5+ Qa6 30. Rxa6#) 28. Qxa5 Rb7 29. Rxb7
Qxb7 30. Bd8 Kb8 {#} 31. e6 $1 {Threatening Qe5+ winning the rook.} Re8 32.
Bc7+ $1 Kc8 (32... Qxc7 33. Qb5+ Qb7 34. Qxe8+) 33. exf7 Rf8 34. Re1 Rxf7 35.
Re8+ Kd7 36. Rd8+ 1-0

[Event "Belgrade RAD 30"]
[Site "Belgrade"]
[Date "1977.01.23"]
[Round "7.1"]
[White "Suetin, Alexey S"]
[Black "Portisch, Ferenc"]
[Result "1/2-1/2"]
[ECO "C16"]
[WhiteElo "2525"]
[BlackElo "2475"]
[Annotator "Primel,D"]
[PlyCount "145"]
[EventDate "1977.01.15"]
[EventType "tourn"]
[EventRounds "13"]
[EventCountry "SRB"]
[EventCategory "9"]
[SourceTitle "EXT 2018"]
[Source "ChessBase"]
[SourceDate "2017.10.13"]
[SourceVersion "1"]
[SourceVersionDate "2017.10.13"]
[SourceQuality "1"]
[TimeControl "40/9000:16/5400:0"]

1. e4 e6 2. d4 d5 3. Nc3 Bb4 4. e5 Ne7 5. Bd2 b6 (5... c5 {
La grande ligne}) 6. Qg4 Nf5 7. Nf3 Ba6 (7... h5 $5) 8. Bxa6 Nxa6 9. O-O-O $146
(9. Qf4 c5 10. dxc5 bxc5 11. g4 Ne7 12. h4 O-O 13. h5 f5 14. exf6 Rxf6 15. Qg3
Nc6 16. O-O-O Qc7 17. Ng5 Qxg3 18. fxg3 Nd4 19. Bf4 Bxc3 20. bxc3 Ne2+ 21. Kd2
Nxf4 22. gxf4 Nc7 23. Nh3 Rb8 {Tseshkovsky,V (2550)-Petrosian,T (2635) Moscow
1976 0-1}) 9... Qd7 10. Ne2 O-O-O (10... Bxd2+ 11. Nxd2 c5 12. f4 Nxd4 13. Nxd4
cxd4 14. Nf3) 11. Qf4 f6 12. h4 (12. g4 $2 g5 )
12... h5 13. Kb1 Be7 14. Ng3 Nxg3 15. Qxg3 Rdg8 16. Rhe1 $14 c6 17. Qg6 $1 Nc7 18. Qd3 Kb7 19. Re2 c5 20. dxc5 bxc5 21. Bf4 f5 22. Bg5 $1
Rb8 23. c4 (23. Bxe7 Qxe7 ) 23... a6 24. cxd5 Nxd5 25. Bxe7 Qxe7
26. Ng5 Rhd8 {Pare la menace Ne6 gagnant un P mais la position
Noire est inférieure} 27. Red2 Ka7 28. Qf3 Rb6 29. Ka1 (29. Nxe6 $6 Rxe6 30.
Rxd5 Rxd5 31. Rxd5 Rxe5) 29... g6 30. a3 Rdb8 31. Qe2 Qb7 32. Nxe6 Nc3 $1 33. Nxc5 Qc6 34. Qe3 $1 {[%cal Ge3a7,Ge3c3] Un
fort coup qui défend tout en visant le K noir et le GMI expérimenté ne se
laisse pas déstabiliser par le sacrifice Nc3} Nxd1 35. Rxd1 Ka8 36. Nd7 $2 (
36. b4 $142 a5 37. Nd7 {Et les Noirs ont moins de contre-jeu que dans la
partie.}) 36... Rxb2 37. Nxb8 Rxb8 $2 $138 (37... Qc2 $19 ) 38.
Qf3 Qxf3 39. gxf3 f4 $1 40. Rd6 Re8 41. Rxa6+ Kb7 42. Rxg6 Rxe5
43. Rf6 Re2 44. Rxf4 {Une phase de simplification qui favorise les Noirs} Rxf2
{[%csl Ra1,Gf2,Rf4] Les Blancs ont gagné du matériel mais le K Blanc est
coupé} 45. Rf5 Rd2 46. Rxh5 Rd3 47. Kb2 Rxf3 48. a4 {Une finale assez rare et
le gain n'est pas si facile à réaliser: - Les Blancs ont non seulement deux
P isolés mais ils sont placés sur des colonnes "a" et "h" - Le K Blanc est
coupé alors que celui des Noirs peut monter attaquer le P"a" - La R Blanche
est mal placée.} Rf4 49. Kb3 Ka6 $1 {Le P passé est bloqué et les Blancs
vont avoir du mal pour progresser.} 50. a5 Re4 51. Kc3 $1 {[%cal Gc3g3] Le K
Blanc va tenter de passer par l'aile-roi} Rf4 52. Kd3 Rg4 53. Ke3 Rc4 54. Kf3
Rc3+ 55. Ke4 $1 Rc4+ 56. Kd5 Rg4 57. Ke6 {Le K est passé!} Rc4 58. Rh8 Kb7 (
58... Kxa5 59. h5 Kb5 60. h6 Kc5 61. Ke5 Rh4 62. h7 $18 ) 59. Rh7+ Ka6 60. h5 Rc5 61. h6 Rc6+ 62. Kd7 Rf6 63. Rh8 Kb7 64.
Ke7 Rc6 65. Kd7 (65. h7 {Plus naturel} Rh6 66. a6+ $1 Ka7 67. Kf7 Rh2 {[%cal
Gh2f2] et le K Blanc sera bombardé d'échec}) 65... Rg6 66. Rh7 Ka6 67. Kd8
Rg8+ 68. Ke7 Rg6 69. Kf7 Rc6 70. Rh8 Kb7 71. Rh7 Ka6 72. Ke8 Rg6 73. Kd8
1/2-1/2